[Event "*** Titled Tuesday 3|2 Blitz"]
[Site "Chess.com"]
[Date "2017.05.02"]
[Round "4"]
[White "Schemato"]
[Black "stefanodinn"]
[Result "0-1"]
[WhiteElo "2303"]
[BlackElo "2226"]
[TimeControl "180+2"]
[EndTime "13:49:45 PDT"]
[Termination "stefanodinn won by checkmate"]

1. c4 c6 2. Nf3 d5 3. e3 Nf6 4. Nc3 a6 5. Qc2 g6 6. d4 Bf5 7. Bd3 Bxd3 8. Qxd3 Bg7 9. b3 O-O 10.
Bb2 Nbd7 11. O-O b5 12. Ba3 Rb8 13. Ne2 Re8 14. Rac1 Qa5 15. cxd5 Qxa3 16. dxc6 Nb6 17. e4 e6 18. c7 Rbc8 19. Rc6 Na8 20. Rfc1 Re7 21.
d5 exd5 22. exd5 Rexc7 23. Rxc7 Rxc7 24. Rxc7 Nxc7 25. d6 Ncd5 26. d7 Qd6 27. Nc3 Qxd7 28. Ne5 Qe6 29. f4 Nxc3 30. Qxc3 Ne8 31. Qc5 Bxe5 32. fxe5 Kg7 33. h3 h5 34. Kh1 Kh7 35. a4 bxa4 36. bxa4 Ng7 37. a5 Nf5 38. Kh2 h4 39. Kg1 Ne7 40. Kf2 Nc6 41. Qb6 Nxe5 42.
Qb7 Nc4 43. Qb4 Qe3+ 44. Kf1 Nd2+ 45. Qxd2 Qxd2 46. Kg1 Qxa5 47. Kh2 Qd2 48. Kg1 Qe2 49. g4 hxg3 50. h4 Qf2+ 51. Kh1 Qh2# 0-1

[Event "*** Titled Tuesday 3|2 Blitz"]
[Site "Chess.com"]
[Date "2017.05.02"]
[Round "4"]
[White "Indianlad"]
[Black "Gabix_94"]
[Result "1/2-1/2"]
[WhiteElo "2646"]
[BlackElo "2458"]
[TimeControl "180+2"]
[EndTime "13:49:48 PDT"]
[Termination "Game drawn by repetition"]

1. e4 c5 2. Nf3 e6 3. d4 cxd4 4.
Nxd4 Nf6 5. Nc3 Qb6 6. Be3 a6 7.
Ndb5 Qc6 8. Nd4 Qc7 9. Bd3 b5 10.
O-O Bb7 11. f4 b4 12. e5 bxc3 13. exf6 gxf6 14. bxc3 Rg8 15. Rf2 f5 16. Rb1 Nc6 17. Qh5 Rg7 18. Nf3 Bd6 19. Ng5 Ne7 20. Bd4 Rg6 21.
Qxh7 O-O-O 22. Bb6 Qc6 23. Bxd8 Kxd8 24. Nxf7+ Kc7 25.
Rxb7+ Qxb7 26. Nxd6 Kxd6 27. Qh8 Qb1+ 28. Bf1 Nd5 29. c4 Nf6 30. Rd2+ Ke7 31. Qh3 Qb6+ 32. Kh1 Ne4 33. Qh7+ Kf6 34. Qh8+ Rg7 35. Qh6+ Kf7 36. Rxd7+ Ke8 37. Qh8+ Kxd7 38. Qxg7+ Kc6 39. h3 Qf2 40.
Bd3 Ng3+ 41. Kh2 Nh5 42. Qe5 Nxf4 43. Be4+ fxe4 44. Qxe4+ Kc5 45. a3 a5 46. c3 a4 47.
Qb7 Kxc4 48. Qb4+ Kd3 49. Qb5+ Kd2 50. Qb2+ Ke1 51. Qc1+ Ke2 52. Qb2+ Kf1 53. Qc1+ Ke2 54. Qb2+ Ke3 55. Qb6+ Ke2 56. Qb2+ 1/2-1/2

[Event "*** Titled Tuesday 3|2 Blitz"]
[Site "Chess.com"]
[Date "2017.05.02"]
[Round "4"]
[White "JusticeBot"]
[Black "hermionegrangermagic"]
[Result "0-1"]
[WhiteElo "2481"]
[BlackElo "2278"]
[TimeControl "180+2"]
[EndTime "13:49:58 PDT"]
[Termination "hermionegrangermagic won by checkmate"]

1. e4 c6 2. d4 d5 3. Nc3 dxe4 4.
Nxe4 Nf6 5. Nxf6+ exf6 6. c3 Bd6 7. Bd3 O-O 8. Qc2 g6 9. Ne2 Qc7 10. h4 f5 11. h5 c5 12. dxc5 Bxc5 13. hxg6 fxg6 14. Bf4 Qe7 15. O-O-O Nc6 16. g4 fxg4 17.
Bh6 Rxf2 18. Rdf1 Be3+ 19. Bxe3 Qxe3+ 20. Kb1 Qxd3 21. Rxf2 Bf5 22. Qxd3 Bxd3+ 23. Kc1 Ne5 24. Nf4 Bf5 25. Kd1 g3 26. Rd2 Be4 27. Re1 Bf3+ 28. Kc2 Nf7 29. Re3 Ng5 30. Nh3 g2 31. Ng1 Be4+ 32. Kb3 Rf8 33. Rg3 Rf1 34. Ne2 Ne6 35. Rd6 Nf4 36. Rd8+ Kg7 37. Rd7+ Kg8 38. Rd8+ Kg7 39.
Rd7+ Kh6 40. Nxf4 Rxf4 41. Rd2 Rf1 42. Rdxg2 Bxg2 43. Rxg2 Kg7 44. c4 h5 45. c5 Kf6 46.
Kc4 h4 47. b4 g5 48. Kd5 Rf4 49. a3 h3 50. Rg3 g4 51. Re3 h2 52. Re6+ Kg7 53. Re1 g3 54. c6 bxc6+ 55. Kxc6 g2 56. Re7+ Rf7 57. Re4 h1=Q 58. Rg4+ Kf8 59. Kb5 g1=Q 60. Rxg1 Qxg1 61. Ka4 Qd1+ 62. Ka5 Rf5+ 63. b5 Qb3 64. a4 Qc3+ 65. Ka6 Rf6+ 66. Kxa7 Qc7+ 67.
Ka8 Rb6 68. a5 Rb8# 0-1

[Event "*** Titled Tuesday 3|2 Blitz"]
[Site "Chess.com"]
[Date "2017.05.02"]
[Round "4"]
[White "gmcorrales"]
[Black "Abrito99"]
[Result "0-1"]
[WhiteElo "2526"]
[BlackElo "2290"]
[TimeControl "180+2"]
[EndTime "13:50:01 PDT"]
[Termination "Abrito99 won by resignation"]

1. e4 e6 2. d4 d5 3. e5 c5 4.
c3 Nc6 5. Nf3 Qb6 6. a3 c4 7. b4 cxb3 8. Bb2 Na5 9. Nbd2 Bd7 10.
a4 Rc8 11. Be2 Ne7 12. O-O Ng6 13. h4 Nf4 14. Re1 Nxe2+ 15. Qxe2 Be7 16. h5 h6 17. Nh2 Nc4 18. Nxc4 Rxc4 19. Qg4 Kf8 20. a5 Qa6 21. Re3 Ra4 22. Rxa4 Bxa4 23. Rg3 Rg8 24. Rf3 Ke8 25. Rf4 Qd3 26. Nf3 Qb1+ 27. Kh2 Qxb2 28. Rxf7 Kxf7 29. Qg6+ Kf8 30. Qxe6 Qc2 31. Qc8+ Be8 32. e6 b2 33.
Ne5 Bd6 34. Qd8 Bxe5+ 35. dxe5 Rh8 36. Qxd5 Qxf2 37. Qd6+ Kg8 38. Qe7 Qf4+ 39. Kh3 Bxh5 40. g3 Bg4+ 41. Kh4 Qg5+ 42. Qxg5 hxg5+ 43. Kxg4 b1=Q 44. e7 Kh7 0-1

[Event "*** Titled Tuesday 3|2 Blitz"]
[Site "Chess.com"]
[Date "2017.05.02"]
[Round "4"]
[White "Astaneh"]
[Black "sergiochess83"]
[Result "1-0"]
[WhiteElo "2467"]
[BlackElo "2652"]
[TimeControl "180+2"]
[EndTime "13:50:06 PDT"]
[Termination "Astaneh won on time"]

1. d4 Nf6 2. c4 e6 3. Nf3 d5 4.
Nc3 c6 5. Bg5 Nbd7 6. e3 h6 7.
Bh4 g5 8. Bg3 Nh5 9. cxd5 exd5 10.
Bd3 Nxg3 11. hxg3 Bg7 12. b4 a6 13. Rb1 Qe7 14. Qc2 Nb6 15. a4 Be6 16. b5 axb5 17. axb5 c5 18. O-O Rc8 19. Qd2 O-O 20. Rfc1 g4 21.
Ne5 Bxe5 22. dxe5 Qg5 23. Ne2 Qxe5 24. Nf4 Rfd8 25. Qa5 Nd7 26. b6 c4 27. Be2 Nc5 28.
Qb5 Ne4 29. Rxc4 Rxc4 30. Bxc4 Nd6 31. Nd3 Qf6 32. Qc5 Nxc4 33. Nf4 Rc8 34. Qb4 Qe5 35. Rd1 Qd6 36. Qc3 Ne5 37. Qd4 Rc4 38. Qb2 Nd7 39.
Ra1 Qe5 40. Ra8+ Kg7 41. Qa3 Rc5 42. Rd8 Qc3 43. Qa8 Nf6 44. Rh8 Bc8 45. Rd8 Qc1+ 46. Kh2 Qc3 47. Qb8 Rc6 48. Qa8 Qc2 49. Qa3 Qf5 50.
Qf8+ 1-0

[Event "*** Titled Tuesday 3|2 Blitz"]
[Site "Chess.com"]
[Date "2017.05.02"]
[Round "4"]
[White "SCIM"]
[Black "underdogchss"]
[Result "1-0"]
[WhiteElo "2389"]
[BlackElo "2391"]
[TimeControl "180+2"]
[EndTime "13:50:11 PDT"]
[Termination "SCIM won by resignation"]

1. d4 Nf6 2. c4 e6 3. Nc3 Bb4 4.
Qc2 O-O 5. Nf3 c5 6. dxc5 Na6 7. g3 Nxc5 8. Bg2 b6 9. O-O Bb7 10. Nb5 Na6 11. a3 Be7 12. Rd1 Be4 13. Qc3 d5 14.
Bf4 Rc8 15. Nxa7 Rxc4 16. Qxc4 dxc4 17. Rxd8 Rxd8 18. Rc1 Bc5 19. h3 Rd7 20. Nb5 Bc6 21.
Nc3 Rd8 22. Ne5 Bxg2 23. Kxg2 Nd5 24. Nxc4 Nxf4+ 25. gxf4 Rd4 26. Nb5 Rxf4 27. e3 Rf5 28.
Nxb6 h5 29. Nc4 Bxe3 30. Nxe3 Rxb5 31. b4 Rb6 32. Rc8+ Kh7 33. Nc4 Rb7 34. Nd6 Rd7 35. Rc6 Nb8 36. Rb6 Kg6 37. a4 Rd8 38. a5 Nd7 39. Rb7 Ne5 40. Ne4 Kf5 41. Nc5 Ng6 42.
Rxf7+ Ke5 43. a6 Rd1 44. a7 Ra1 45. b5 Nh4+ 46. Kh2 Nf5 47. Rxf5+ exf5 48. b6 Ra2 49. Nd3+ Kd4 50. b7 Kxd3 51. b8=Q Rxf2+ 52. Kg1 1-0

[Event "*** Titled Tuesday 3|2 Blitz"]
[Site "Chess.com"]
[Date "2017.05.02"]
[Round "4"]
[White "Marreuh"]
[Black "roldieyi"]
[Result "0-1"]
[WhiteElo "2106"]
[BlackElo "2084"]
[TimeControl "180+2"]
[EndTime "13:50:14 PDT"]
[Termination "roldieyi won by checkmate"]

1. e4 c6 2. d4 d5 3. f3 g6 4. Nc3 Bg7 5. Be3 Na6 6. Nge2 Nc7 7.
Qd2 h5 8. O-O-O a5 9. Kb1 a4 10. e5 Ne6 11. f4 b5 12. Rc1 Nh6 13. h3 Bd7 14. g4 b4 15. Nd1 b3 16. cxb3 axb3 17.
a3 hxg4 18. hxg4 Nxg4 19. Rxh8+ Bxh8 20. Bh3 Nxe3 21. Nxe3 Bg7 22. f5 Ng5 23. Bg4 Ne4 24.
Qe1 Qa5 25. Qh4 Qd2 26. Qh3 Qd3+ 27. Ka1 Rxa3+ 28. bxa3 Qd2 29. Rc2 bxc2 30. Nxc2 Qxc2 31. fxg6 Bxg4 32. Qxg4 fxg6 33. Qxg6+ Kf8 34. Qf5+ Kg8 35. Qc8+ Kf7 36. Qf5+ Ke8 37. Qc8+ Kf7 38. Qf5+ Bf6 39. e6+ Kg7 40. Qg4+ Ng5 41. Nf4 Bxd4# 0-1

[Event "*** Titled Tuesday 3|2 Blitz"]
[Site "Chess.com"]
[Date "2017.05.02"]
[Round "4"]
[White "Olkaa"]
[Black "platy3"]
[Result "0-1"]
[WhiteElo "2492"]
[BlackElo "2635"]
[TimeControl "180+2"]
[EndTime "13:50:19 PDT"]
[Termination "platy3 won on time"]

1. e4 c5 2. Nf3 e6 3. d4 cxd4 4.
Nxd4 Nc6 5. Nc3 Qc7 6. Be3 a6 7. Qf3 Nf6 8. O-O-O Ne5 9. Qg3 b5 10. f4 Neg4 11. e5 Nxe3 12. Qxe3 b4 13. Ncb5 axb5 14. Nxb5 Qc6 15. exf6 gxf6 16. Kb1 Bc5 17. Qg3 Kf8 18. f5 d5 19. fxe6 Bxe6 20. Nd4 Qa4 21. Qb3 Rg8 22. g3 Rg4 23. Nxe6+ fxe6 24. Bh3 Re4 25. Rhe1 Qxb3 26. axb3 f5 27. Bg2 Rxe1 28. Rxe1 Kf7 29.
Bf3 Kf6 30. Kc1 Ra1+ 31. Kd2 Ra2 32. Rb1 Bd4 33. Kd3 Bxb2 34. Re1 Ra5 35. Rf1 e5 36. Bg4 e4+ 37. Ke2 d4 38. Bh3 h5 39. Bg2 Ke5 40.
Bh3 Kf6 41. Bg2 Ke6 42. Bh3 Rc5 43. Kd2 Bc3+ 44. Kd1 Ra5 45. Ke2 Kf6 46. Rf2 Kg5 47. Rf1 h4 48. Rf2 hxg3 49. hxg3 Ra2 50. Rxf5+ Kg6 51. Kd1 d3 52. cxd3 exd3 0-1

[Event "*** Titled Tuesday 3|2 Blitz"]
[Site "Chess.com"]
[Date "2017.05.02"]
[Round "4"]
[White "PowerThinking2650"]
[Black "Enzy63"]
[Result "1-0"]
[WhiteElo "2187"]
[BlackElo "2035"]
[TimeControl "180+2"]
[EndTime "13:50:19 PDT"]
[Termination "PowerThinking2650 won by resignation"]

1. e4 e5 2. Nf3 Nc6 3. Nc3 Nf6 4. d4 exd4 5. Nxd4 Bb4 6. Nxc6 bxc6 7. Bd3 d5 8. exd5 cxd5 9. O-O O-O 10. Bg5 c6 11. Qf3 h6 12. Bxf6 Qxf6 13. Qxf6 gxf6 14.
Ne2 Bd6 15. Rab1 Be6 16. b4 Rfb8 17. c3 a5 18. b5 cxb5 19. Bxb5 Rb6 20. a4 Rc8 21.
Rfc1 Be5 22. Nd4 Rc7 23. g3 Rcb7 24. Kg2 Bd7 25. Kf3 Bxd4 26. cxd4 Bxb5 27. axb5 Rxb5 28.
Ra1 Re7 29. Rc5 Rxc5 30. dxc5 Ra7 31. Ke3 Kf8 32. Kd4 Ke7 33. Kxd5 Kd7 34. Ra4 Kc7 35. g4 Ra8 36. Rf4 a4 37. Rxf6 Rd8+ 38. Kc4 a3 39.
Ra6 Rd2 40. Ra7+ Kc6 41. Ra6+ Kc7 42. Rxa3 Rxf2 43. Rh3 Rf6 44. Kb5 Kb7 45. Rd3 Rg6 46. Rd7+ Kc8 47. Rxf7 Rxg4 48. Kb6 Rg1 49. Rf8+ Kd7 50.
c6+ Ke7 51. Rh8 Rb1+ 52. Kc7 1-0

[Event "*** Titled Tuesday 3|2 Blitz"]
[Site "Chess.com"]
[Date "2017.05.02"]
[Round "4"]
[White "Wolverine_master"]
[Black "DavidForthoffer"]
[Result "0-1"]
[WhiteElo "1950"]
[BlackElo "2101"]
[TimeControl "180+2"]
[EndTime "13:50:24 PDT"]
[Termination "DavidForthoffer won by checkmate"]

1. Nf3 c5 2. g3 d5 3. Bg2 Nc6 4.
d4 e6 5. O-O Nf6 6. c4 dxc4 7.
Qa4 Bd7 8. dxc5 Bxc5 9. Qxc4 b6 10. Bg5 Be7 11. Nc3 Rc8 12. Rfd1 Ne5 13. Qxc8 Nxf3+ 14. Bxf3 Qxc8 15. Rac1 Qd8 16. Bc6 Bxc6 17. Rxd8+ Bxd8 18. f3 Nd5 19. Bxd8 Kxd8 20. Nxd5 Bxd5 21. Rd1 Kc7 22. Rc1+ Bc6 23. e4 Rd8 24. Rc2 Rd1+ 25. Kf2 Kd7 26. Ke3 e5 27. f4 f6 28. fxe5 fxe5 29. Rf2 Ke7 30. Re2 Bb5 31. Rc2 Rd3+ 32. Kf2 Rd7 33. Kf3 Bd3 34. Rc3 Rd4 35. Ke3 Bb1 36.
a3 Rxe4+ 37. Kf3 Rd4 38. Rc7+ Rd7 39. Rc3 Bf5 40. Ke2 g5 41. Re3 Ke6 42. Rc3 h5 43. b4 h4 44. gxh4 gxh4 45. Rc6+ Rd6 46. Rc7 a5 47.
bxa5 bxa5 48. Ra7 Rd5 49. Ra6+ Kf7 50. Rh6 h3 51. Ra6 Be6 52. Ke3 Kf6 53. Ra8 Rb5 54.
Kf2 Rb2+ 55. Kg3 Rb3+ 56. Kh4 Rxa3 57. Rf8+ Ke7 58. Rh8 Ra2 59. Rh6 Rxh2 60. Rh7+ Kd6 61. Ra7 Ra2 62. Ra6+ Ke7 63. Ra7+ Bd7 64. Rc7 h2 65. Rc1 Bc6 66. Rxc6 h1=Q+ 67. Kg5 Qxc6 68.
Kf5 Ra4 69. Kxe5 Qe6# 0-1

[Event "*** Titled Tuesday 3|2 Blitz"]
[Site "Chess.com"]
[Date "2017.05.02"]
[Round "4"]
[White "the_drake"]
[Black "1lec"]
[Result "0-1"]
[WhiteElo "2190"]
[BlackElo "2070"]
[TimeControl "180+2"]
[EndTime "13:50:40 PDT"]
[Termination "1lec won by resignation"]

1. e4 c5 2. Nf3 d6 3. d4 cxd4 4. Nxd4 Nf6 5. Nc3 a6 6. Be3 e5 7.
Nf3 Be7 8. Bc4 O-O 9. O-O Be6 10. Bxe6 fxe6 11. Ng5 Qd7 12. b3 b5 13. a4 b4 14.
Na2 Nc6 15. c3 h6 16. Nf3 Nxe4 17. cxb4 Rab8 18. Re1 Nf6 19. Qd2 Nd5 20. Rad1 e4 21. Nd4 Ncxb4 22. Nxb4 Nxb4 23. Bxh6 Nd3 24. Rxe4 Nxf2 25.
Rxe6 Nxd1 26. Qxd1 Bf6 27. Re4 gxh6 28. Rg4+ Kh7 29.
Qd3+ Kh8 30. Nf5 Qxf5 31. Re4 Bd4+ 32. Qxd4+ Qf6 33. Qxf6+ Rxf6 34. g3 Rxb3 35. Re8+ Kg7 36. Ra8 d5 37. Ra7+ Kg6 38. Kg2 Re6 39. Kh3 d4 40. Rd7 d3 41. Rd4 Kf6 42. Kg4 Ke5 43.
Rd8 Rd6 44. Re8+ Kd4 45. Re1 d2 46. Rd1 Ke3 47. h4 Ke2 48. Rg1 d1=Q 49. Rg2+ Kf1+ 50.
Kh3 Qg4+ 51. Kh2 Rxg3 52. Rxg3 Qxg3+ 53. Kxg3 Rd5 54. Kg4 Ke2 55. Kf4 Kd3 0-1

[Event "*** Titled Tuesday 3|2 Blitz"]
[Site "Chess.com"]
[Date "2017.05.02"]
[Round "4"]
[White "NewBornNow"]
[Black "Blitzstream"]
[Result "1-0"]
[WhiteElo "2557"]
[BlackElo "2456"]
[TimeControl "180+2"]
[EndTime "13:50:41 PDT"]
[Termination "NewBornNow won by resignation"]

1. e4 g6 2. d4 Bg7 3. c4 e6 4.
Nc3 Ne7 5. h4 h6 6. Be3 b6 7.
Qd2 Bb7 8. f4 d6 9. h5 Nd7 10.
hxg6 fxg6 11. Bd3 a6 12. Nf3 c5 13. d5 exd5 14. exd5 Qc7 15. Qc2 O-O-O 16. Bxg6 b5 17. cxb5 axb5 18. a4 Bxc3+ 19. bxc3 Nxd5 20. Bd2 bxa4 21. Rxa4 N7b6 22. Ra2 Nc4 23. Kf2 Rhg8 24. Rb1 Ndb6 25.
Bf5+ Kb8 26. Be4 Qg7 27. g4 Qxg4 28. Rg1 Qh3 29. Bxb7 Rxg1 30. Nxg1 Qh2+ 31. Bg2 Rg8 32. Qe4 d5 33. Qf3 Qh4+ 34. Kf1 Rf8 35. f5 Qf6 36.
Bf4+ Kb7 37. Bh3 Qc6 38. Re2 Qb5 39. Kg2 Qb1 40. Re7+ Ka6 41. Ne2 Qe1 42. Bg3 Qd2 43. Qf4 Qb2 44. f6 d4 45. cxd4 cxd4 46. Qxd4 Rxf6 47.
Qxb2 Nxb2 48. Nf4 N2c4 49. Kh2 Kb5 50. Bf1 Kc5 51. Bf2+ Kd6 52. Re4 Nd2 53. Rd4+ Ke5 54. Rxd2 Kxf4 55. Bd4 Rd6 56. Be3+ Ke5 57. Rxd6 Kxd6 58.
Bxb6 Ke5 59. Be3 h5 60. Kg3 Ke4 61. Bg5 Kf5 62. Kh4 Kg6 63. Bd3+ 1-0

[Event "*** Titled Tuesday 3|2 Blitz"]
[Site "Chess.com"]
[Date "2017.05.02"]
[Round "4"]
[White "Konavets"]
[Black "oskariot"]
[Result "1-0"]
[WhiteElo "2684"]
[BlackElo "2439"]
[TimeControl "180+2"]
[EndTime "13:50:42 PDT"]
[Termination "Konavets won by checkmate"]

1. e4 c5 2. Nf3 d6 3. d4 cxd4 4.
Nxd4 Nf6 5. Nc3 Nc6 6. Bg5 Bd7 7.
Qd2 Rc8 8. f4 h6 9. Bxf6 gxf6 10. O-O-O Nxd4 11. Qxd4 Qa5 12. Kb1 Qc5 13. Qd3 Bg7 14.
f5 h5 15. h4 Bh6 16. Be2 Bf4 17. Nd5 Be5 18. c3 a5 19. Rhg1 b5 20. a3 e6 21.
Ne3 b4 22. cxb4 axb4 23. a4 Ke7 24. fxe6 fxe6 25. g4 Bxa4 26. Nc4 Bxd1 27. Qxd1 hxg4 28. Rxg4 Rhg8 29. Bd3 Qd4 30. Nxe5 dxe5 31. Rxg8 Rxg8 32. Qc2 Kd6 33. Bb5 Qg1+ 34. Ka2 Qa7+ 35. Ba4 Qc5 36. Qd3+ Qd4 37. Qa6+ Ke7 38. Qb7+ Kf8 39. Bb3 Rg2 40. Qc8+ Kg7 41. Bc2 Qd2 42. Kb3 Rg3+ 43. Ka4 Rg2 44. Bb3 Qd6 45. Bxe6 Qd1+ 46. Bb3 Qa1+ 47. Kb5 Qxb2 48. Qg8+ Kh6 49. Qh8+ Kg6 50. Be6 Qe2+ 51. Ka5 f5 52. exf5# 1-0

[Event "*** Titled Tuesday 3|2 Blitz"]
[Site "Chess.com"]
[Date "2017.05.02"]
[Round "4"]
[White "DiogenesSinopeus"]
[Black "SidArun"]
[Result "1-0"]
[WhiteElo "2230"]
[BlackElo "2065"]
[TimeControl "180+2"]
[EndTime "13:50:52 PDT"]
[Termination "DiogenesSinopeus won by resignation"]

1. d4 Nf6 2. c4 c5 3. d5 e6 4. Nc3 exd5 5. cxd5 d6 6. g3 g6 7. Bg2 Bg7 8. Nf3 O-O 9. O-O Na6 10.
Bf4 Nc7 11. e4 Nh5 12. Bg5 Qd7 13. a4 f5 14. e5 dxe5 15. d6 Ne6 16. Be7 Nd4 17.
Bxf8 Kxf8 18. Nb5 a6 19. Nbxd4 cxd4 20. Qb3 Qxd6 21. Ng5 Qe7 22. Nxh7+ Ke8 23. Rac1 Be6 24. Bd5 Bxd5 25. Qxd5 Rd8 26. Qb3 e4 27. Rfe1 d3 28. Rcd1 Rd7 29. Qg8+ Bf8 30. Qxg6+ Qf7 31. Qxf7+ Kxf7 32. Ng5+ Kg6 33. h4 Bb4 34. Rf1 Bc5 35. Kg2 f4 36. Nxe4 Bb6 37. g4 Nf6 38. h5+ Kg7 39.
Nxf6 Kxf6 40. Rfe1 Ba5 41. Re4 Bc7 42. Rc4 d2 43. Rc2 Ba5 44. Rc4 Bc7 45. Kf3 Rd3+ 46. Kg2 Rd7 47. h6 Kg6 48. Rc2 Ba5 49. Rc5 Bb6 50.
Rc4 Kxh6 51. Rxf4 Kg5 52. Re4 Ba5 53. b4 Bc7 54. Re2 Bf4 55. f3 Rd4 56. Re4 Rxe4 57.
fxe4 Kxg4 58. Kf2 b5 59. axb5 axb5 60. Ke2 Bd6 61. Rxd2 Bxb4 62. Rb2 Bc3 63. Rxb5 Kf4 64. Kd3 Be5 65. Rb7 1-0

[Event "*** Titled Tuesday 3|2 Blitz"]
[Site "Chess.com"]
[Date "2017.05.02"]
[Round "4"]
[White "aa175"]
[Black "WeiYi1999"]
[Result "1-0"]
[WhiteElo "1808"]
[BlackElo "2067"]
[TimeControl "180+2"]
[EndTime "13:50:53 PDT"]
[Termination "aa175 won by resignation"]

1. e4 e5 2. Nf3 Nc6 3. Bc4 Bc5 4.
Nc3 Nf6 5. d3 h6 6. h3 d6 7. O-O O-O 8. Be3 Bb6 9. a3 Bxe3 10.
fxe3 Be6 11. Bxe6 fxe6 12. Rf2 Qe7 13. d4 exd4 14. exd4 Nd8 15. Qd3 Nd7 16. Raf1 Nc6 17.
Nd2 Rxf2 18. Rxf2 Rf8 19. Rxf8+ Qxf8 20. Nf3 a6 21. Qc4 Qf7 22. Kf2 Nb6 23. Qd3 e5 24. d5 Nd4 25. Kg1 Nxf3+ 26. Qxf3 Qxf3 27. gxf3 Nc4 28. Nd1 b5 29. Kg2 Kf7 30. Kg3 Kf6 31. h4 g5 32. h5 a5 33. Kg4 b4 34. axb4 axb4 35. b3 Na3 36. Ne3 Nb5 37. Nf5 Na3 38. Ne3 Nb5 39. Nc4 Nd4 40. Ne3 Nb5 41. Nf5 Na7 42.
Nxh6 Nb5 43. Nf5 Nc3 44. Ne3 Nb5 45. h6 Kg6 46. h7 Kxh7 47. Kxg5 Kg7 48. Nc4 Nd4 49.
Ne3 Nxf3+ 50. Kg4 Nd2 51. Kf5 Kf7 52. Nc4 Nxc4 53. bxc4 Ke7 54. Kg6 Ke8 55. Kg7 Kd7 56. Kf7 c6 57. Kf8 cxd5 58. cxd5 Kd8 59. Kf7 Kd7 60.
Kf6 Kd8 61. Ke6 Kc7 62. Ke7 Kb6 63. Kxd6 Kb5 64. Ke7 Kc4 65. d6 Kc3 66. d7 Kxc2 67. d8=Q b3 68. Qc7+ Kd3 69. Qxe5 1-0

[Event "*** Titled Tuesday 3|2 Blitz"]
[Site "Chess.com"]
[Date "2017.05.02"]
[Round "4"]
[White "olgerts_indricans"]
[Black "GrigorGrigorov"]
[Result "0-1"]
[WhiteElo "2266"]
[BlackElo "2502"]
[TimeControl "180+2"]
[EndTime "13:50:58 PDT"]
[Termination "GrigorGrigorov won by resignation"]

1. e4 g6 2. d4 Bg7 3. Nc3 c6 4.
Nf3 d6 5. a4 Nf6 6. h3 O-O 7. Bg5 Nbd7 8. Qd2 e5 9. Bc4 Qa5 10. O-O Re8 11. Rab1 Qc7 12. Rfe1 exd4 13. Nxd4 Nc5 14. Qf4 Nh5 15. Qd2 a5 16. Nb3 Ne6 17.
Bh6 Bxh6 18. Qxh6 Qe7 19. Bxe6 Bxe6 20. Nd4 Qf6 21. Rbd1 Bc4 22. Qd2 Nf4 23. Nde2 Nxe2+ 24. Nxe2 Rxe4 25. Ng3 Rxe1+ 26. Rxe1 d5 27. b3 Ba6 28. Qxa5 h5 29. Qd2 h4 30. Nf1 Bxf1 31. Kxf1 Rd8 32. Qa5 Rd7 33. Qb4 Qd8 34. Qd4 Re7 35. Re5 Rxe5 36.
Qxe5 Kh7 37. Qf4 Qe7 38. g3 hxg3 39. fxg3 Kg7 40. h4 Qc5 41. Qe5+ Kh7 42. Qe2 Qc3 43. Kg2 Kg7 44. Kf2 Kf6 45. Qf3+ Qxf3+ 46. Kxf3 Ke5 47. g4 f5 48. g5 c5 49. a5 d4 50. Kg3 f4+ 51. Kg4 Ke4 52. h5 gxh5+ 53. Kxh5 f3 54. g6 f2 55. g7 f1=Q 56. g8=Q Qh3+ 57.
Kg6 Qg4+ 58. Kf7 Qxg8+ 59. Kxg8 Ke3 60. Kf7 Kd2 61. Ke7 Kxc2 62. Kd7 d3 63. Kc7 d2 64.
Kxb7 d1=Q 65. a6 Kxb3 66. a7 Qd5+ 67. Kb6 0-1

[Event "*** Titled Tuesday 3|2 Blitz"]
[Site "Chess.com"]
[Date "2017.05.02"]
[Round "4"]
[White "vpantev"]
[Black "wonderfultime"]
[Result "0-1"]
[WhiteElo "2458"]
[BlackElo "2581"]
[TimeControl "180+2"]
[EndTime "13:51:00 PDT"]
[Termination "wonderfultime won by checkmate"]

1. d4 d5 2. Nf3 Nf6 3. c4 c6 4. Qb3 dxc4 5. Qxc4 Bg4 6. Nbd2 Nbd7 7. g3 e6 8. Bg2 Be7 9. O-O O-O 10. e4 Rc8 11. b4 Nb6 12. Qc3 Bh5 13. a3 Qc7 14. Re1 Rcd8 15. Qb3 Bg6 16. Bb2 h6 17. Rac1 Qb8 18.
Ne5 Bh7 19. h3 Nbd7 20. Ndc4 Nxe5 21. dxe5 Nd7 22. Rcd1 Nb6 23. Na5 Qc7 24. Bd4 Rd7 25. Bc5 Rfd8 26. Rxd7 Qxd7 27. Qe3 Qc7 28. Bxe7 Qxe7 29. Qc5 Qc7 30. h4 Bg6 31. Bf3 h5 32.
Kg2 Rd3 33. Re3 Rxe3 34. Qxe3 Qb8 35. Qd4 Qc7 36. Nb3 Nd7 37. Qd6 Qc8 38. a4 b6 39.
a5 c5 40. bxc5 bxc5 41. Nd2 Qb7 42. a6 Qc8 43. Nc4 Nb8 44. Na5 Kh7 45. Nc4 Qxa6 46. Qxc5 Nd7 47. Qc7 Qa4 48. Nd2 Qb5 49. Qxa7 Nxe5 50. Qe3 Qb4 51. Be2 Nc6 52. f3 e5 53.
Nf1 Nd4 54. Kf2 Qb2 55. Qd2 Qb6 56. Ne3 f6 57. Bc4 Qc5 58. Bd5 Be8 59. f4 Bg6 60. f5 Be8 61. g4 hxg4 62. Kg3 Bh5 63. Nxg4 Nc2 64. Nf2 Ne3 65. Qa2 Qc3 66. Qb3 Qe1 67. Bg8+ Kh8 68. Kh2 Qxf2+ 69. Kh1 Qg2# 0-1

[Event "*** Titled Tuesday 3|2 Blitz"]
[Site "Chess.com"]
[Date "2017.05.02"]
[Round "4"]
[White "LawrenceTrent"]
[Black "Vrolijk"]
[Result "0-1"]
[WhiteElo "2416"]
[BlackElo "2326"]
[TimeControl "180+2"]
[EndTime "13:51:25 PDT"]
[Termination "Vrolijk won by resignation"]

1. e4 e6 2. d4 d5 3. Bd3 dxe4 4.
Bxe4 Nf6 5. Bf3 c5 6. Ne2 Nc6 7. Be3 cxd4 8. Nxd4 Ne5 9. Be2 Be7 10. O-O O-O 11. h3 Nd5 12. Bc1 Bd7 13. c4 Nf6 14. Nc3 Nc6 15. Bf3 Rc8 16. b3 Nxd4 17. Qxd4 Bc6 18. Qxd8 Rfxd8 19. Bxc6 Rxc6 20. Be3 Bc5 21. Bg5 Kf8 22. Rad1 Rxd1 23. Rxd1 Rd6 24. Rxd6 Bxd6 25. Be3 a6 26. Kf1 Ke7 27. Ke2 Kd7 28. Bd4 Kc6 29. Bxf6 gxf6 30. Ne4 Be7 31. g4 Kd7 32. Kd3 f5 33.
gxf5 exf5 34. Ng3 Ke6 35. Ne2 Bc5 36. f3 Ke5 37. f4+ Kf6 38. Nd4 Bd6 39. Ke3 Bc5 40. Kd3 Bd6 41. Ne2 Ke6 42. Ke3 Bc5+ 43. Kf3 Kf6 44. Nc3 Ke6 45. Nd5 Bd6 46. Ne3 Bc5 47.
Nd5 Bd6 48. Nc3 Bb4 49. Ne2 Bc5 50. Nc1 Bd4 51. Nd3 Kd6 52. b4 b5 53. c5+ Kd5 54. Ne5 f6 55. Nd7 Bc3 56. a3 Bb2 57. Ke3 Kc6 58. Nb8+ Kb7 59. Nd7 Bxa3 60. Kd4 Kc6 61.
Nb8+ Kb7 62. Nd7 Kc7 63. Nf8 Kc6 64. Nxh7 Bxb4 65. Nxf6 Bxc5+ 66. Kd3 a5 67. Nh5 Be7 68. Ng7 a4 69. Nxf5 Bf6 70. Kc2 b4 71. Ne3 Kc5 72.
Nd1 b3+ 73. Kb1 a3 74. Kc1 a2 0-1

[Event "*** Titled Tuesday 3|2 Blitz"]
[Site "Chess.com"]
[Date "2017.05.02"]
[Round "4"]
[White "biostatistician"]
[Black "Bryakin_Mikhail"]
[Result "1/2-1/2"]
[WhiteElo "2405"]
[BlackElo "2541"]
[TimeControl "180+2"]
[EndTime "13:51:45 PDT"]
[Termination "Game drawn by stalemate"]

1. d4 d5 2. Nf3 Nf6 3. c4 c6 4.
cxd5 cxd5 5. Nc3 Nc6 6. Bf4 a6 7. Rc1 h6 8. e3 Bg4 9. Qb3 Na5 10. Qa4+ Bd7 11. Qd1 Rc8 12. Ne5 e6 13. Bd3 Nc4 14.
Qe2 b5 15. O-O Be7 16. a4 O-O 17. axb5 axb5 18. Nxd7 Qxd7 19. b3 Na3 20. Nxb5 Ne4 21. h3 Nxb5 22. Bxb5 Qa7 23. Ba6 Rxc1 24. Rxc1 Qb6 25.
Qb5 Qxb5 26. Bxb5 g5 27. Bc7 Rc8 28. Bd7 Ra8 29. Ba4 Rc8 30. Rc6 Bb4 31. f3 Nc3 32. Be5 Ra8 33. Rb6 Ba5 34. Rb8+ Rxb8 35. Bxb8 Nd1 36.
e4 Bb6 37. Be5 Nc3 38. exd5 Ne2+ 39. Kf1 Nxd4 40. dxe6 Nxe6 41. b4 Kf8 42. Bb3 Ke7 43. Bxe6 Kxe6 44. Bg7 h5 45. Ke2 Kd5 46. Kd3 f5 47. g4 hxg4 48. hxg4 fxg4 49. fxg4 Bd8 50. Bd4 Bc7 51. Be3 Bd8 52. b5 Ke5 53. Bd2 Kd5 54.
Bb4 Ke5 55. Ke3 Bb6+ 56. Kf3 Kd5 57. Be7 Kc4 58. Bxg5 Kxb5 59. Ke4 Kc6 60. Ke5 Kd7 61. Kf6 Ke8 62. Bh6 Bd4+ 63. Ke6 Bc3 64. Bf4 Kf8 65. g5 Kg8 66. Be5 Bxe5 67. Kxe5 Kg7 68. Kf4 Kg6 69. Kg4 Kg7 70. Kf5 Kf7 71. g6+ Kg7 72. Kg5 Kg8 73. Kf6 Kf8 74. g7+ Kg8 75. Kg6 1/2-1/2